Map: Daybreak LE (Void)

Players

NeedMineral

  • Race: Zerg Zerg
  • League: Platinum
  • Spawn Location: 1:00

BusT - Winner!

  • Race: Zerg Zerg
  • League: Gold
  • Spawn Location: 7:00

VOD

Have the link to the VOD?

Description

Time

  • Played on: Nov. 30, 2016, 1:53 a.m.
  • Length: 7:55
Show
View Real Time Build Order
Export as new Build Order

NeedMineral Zerg 

Build Orders: Hatch First 

Get SALT Encoding   

  12  0:06  Drone  
  13  0:08  Drone  
  14  0:18  Overlord  
  14  0:38  Drone  
  15  0:50  Hatchery  
  15  0:56  Drone  
  15  0:58  Extractor  
  14  1:08  Spawning Pool  
  13  1:12  Drone  
  13  1:17  Drone  
  15  1:21  Drone  
  16  1:26  Drone  
  17  1:34  Drone  
  18  1:45  Drone  
  19  1:55  Queen  
  19  1:56  Zergling x2  
  22  2:03  Queen  
  22  2:04  Zergling x2  
  25  2:09  Metabolic Boost  
  25  2:16  Zergling x2  
  25  2:20  Overlord  
  26  2:31  Drone x2  
  28  2:49  Zergling x6  
  30  2:55  Baneling Nest  
  30  2:56  Queen  
  30  2:58  Drone  
  32  3:11  Drone  
  32  3:12  Drone x2  
  35  3:17  Overlord  
  35  3:29  Spine Crawler  
  34  3:38  Evolution Chamber  
  33  3:45  Spine Crawler, Zergling x6  
  33  3:46  Zergling x6  
  33  3:48  Baneling x2  
  35  4:19  Evolution Chamber  
  35  4:23  Drone x7  
  41  4:25  Spine Crawler  
  41  4:28  Queen  
  42  4:35  Drone x2  
  44  4:43  Overlord  
  44  4:49  Extractor  
  43  4:57  Drone  
  43  4:58  Overlord  
  44  5:03  Drone x3  
  44  5:04  Drone x3  
  50  5:12  Drone  
  50  5:14  Extractor, Drone x2  
  52  5:15  Extractor  
  52  5:19  Overlord  
  51  5:22  Spore Crawler  
  51  5:25  Drone  
  51  5:30  Lair  
  51  5:35  Pneumatized Carapace  
  51  5:41  Drone x3  
  51  5:42  Drone x2  
  56  6:03  Roach Warren, Zergling x2  
  56  6:04  Zergling x16  
  63  6:10  Overlord  
  64  6:19  Zergling x4  
  64  6:20  Zergling x2  
  51  6:59  Spire  
  51  7:00  Roach  
  51  7:01  Roach x6  
  61  7:02  Roach x2  
  66  7:21  Roach x4  
Show
View Real Time Build Order
Export as new Build Order

BusT Zerg - Winner!

Build Orders: Pool First 

Get SALT Encoding   

  12  0:07  Overlord  
  12  0:13  Drone  
  13  0:18  Drone  
  14  0:32  Extractor  
  14  0:33  Drone  
  14  0:42  Spawning Pool  
  14  0:45  Drone  
  14  1:11  Hatchery  
  14  1:16  Drone  
  14  1:22  Drone  
  15  1:27  Drone  
  16  1:38  Metabolic Boost  
  16  1:46  Zergling x2  
  16  1:47  Zergling x2  
  18  1:49  Zergling x2  
  19  1:58  Queen  
  21  2:02  Drone  
  22  2:11  Overlord  
  22  2:23  Queen, Drone  
  22  2:26  Drone  
  26  2:32  Drone  
  27  2:48  Drone x3  
  30  2:54  Zergling x2  
  30  2:55  Zergling x2  
  32  3:06  Zergling x8  
  32  3:08  Overlord  
  36  3:26  Overlord  
  36  3:31  Drone x2  
  36  3:32  Drone x2  
  40  3:37  Drone  
  40  3:38  Drone  
  41  3:43  Drone x2  
  39  4:10  Drone  
  39  4:11  Drone x5  
  45  4:20  Extractor  
  45  4:21  Extractor, Drone x5  
  45  4:23  Roach Warren  
  47  4:25  Drone  
  49  4:31  Baneling Nest, Zergling x2  
  48  4:40  Zergling x2  
  48  4:42  Drone  
  50  4:51  Overlord  
  50  4:53  Lair  
  50  4:57  Drone  
  50  4:59  Hatchery, Overlord  
  50  5:00  Extractor, Overlord  
  49  5:10  Overlord  
  49  5:22  Roach x2  
  49  5:23  Roach x9  
  71  5:29  Drone  
  71  5:35  Drone x2  
  74  5:43  Evolution Chamber  
  74  5:45  Evolution Chamber  
  74  5:49  Overlord  
  72  5:50  Pneumatized Carapace  
  72  5:56  Roach x5  
  82  6:06  Overlord  
  82  6:07  Overlord  
  82  6:14  Ravager x4  
  82  6:16  Zergling x2  
  82  6:17  Zergling x4  
  89  6:29  Roach x6  
  92  6:48  Roach  
  92  6:49  Roach x5  
  92  6:52  Drone x2  
  105  7:02  Overlord  
  104  7:19  Queen, Zergling x2  
  104  7:20  Zergling x10  
  109  7:34  Zergling x14  
Tags
 
Add a new tag
Caveats
  • Supply blocks, unpowered buildings, or Contaminate may cause inaccurate times.
  • Supply counts are checked every 10 seconds.